 Dungeon Crawl Stone Soup version 0.20.0-10-g0535bb4 (webtiles) character file.

14441 Wardy1 the Carver (level 12, -6/80 HPs)
             Began as a Barachi Fighter on June 5, 2017.
             Was a Priest of Hepliaklqana.
             Mangled by a two-headed ogre
             ... wielding a +0 giant club
              (14 damage)
             ... on level 9 of the Dungeon on June 6, 2017.
             The game lasted 00:37:54 (9189 turns).

Wardy1 the Carver (Barachi Fighter)                 Turns: 9189, Time: 00:37:56

Health: -6/80      AC:  9    Str: 21    XL:     12   Next: 16%
Magic:  32/32      EV: 18    Int:  9    God:    Hepliaklqana [***...]
Gold:   623        SH: 11    Dex: 19    Spells: 14/23 levels left

rFire    + . .     SeeInvis .   g - staff of wizardry
rCold    . . .     Gourm    .   c - +0 shield
rNeg     . . .     Faith    .   V - +2 robe {MR+}
rPois    +         Spirit   .   T - +2 hat
rElec    .         Reflect  .   L - +0 cloak
rCorr    .         Harm     .   (no gloves)
MR       +....                  R - +0 pair of boots
Stlth    ++........             n - amulet of magic regeneration
Regen    0.3/turn               B - ring of magical power
MPRegen  0.4/turn               C - +6 ring of dexterity

@: slow
A: +LOS, swims, reduced essence, fire resistance 1, high mp 1, poison
resistance, slowness 1, strong legs 1
a: Hop, Recall Ancestor, Ancestor Identity, Transference, Renounce Religion


You were on level 9 of the Dungeon.
You worshipped Hepliaklqana.
Hepliaklqana was most pleased with you.
You were very hungry.

You visited 1 branch of the dungeon, and saw 9 of its levels.
You also visited: Sewer.

You collected 623 gold pieces.

Inventory:

Hand Weapons
 Q - a +3 scimitar
Armour
 c - a +0 shield (worn)
 L - a +0 cloak (worn)
 R - a +0 pair of boots (worn)
 T - a +2 hat (worn)
 V - a +2 robe of magic resistance (worn)
Magical Staves
 g - an uncursed staff of wizardry (weapon)
Jewellery
 b - a cursed ring of protection from fire {unknown}
 d - a cursed ring of loudness {unknown}
 h - a +2 ring of evasion
 n - an amulet of magic regeneration (around neck)
 s - an uncursed ring of flight {unknown}
 B - a ring of magical power (left hand)
 C - a +6 ring of dexterity (right hand)
 D - a +4 ring of slaying
 N - an uncursed ring of see invisible
Wands
 a - a wand of confusion (28/48)
 y - a wand of acid (5/15)
 F - a wand of acid (8/15)
 K - a wand of confusion (27/48)
Scrolls
 e - 4 scrolls of remove curse
 i - 2 scrolls of acquirement {unknown}
 l - 7 scrolls of teleportation
 o - 2 scrolls of random uselessness {unknown}
 q - a scroll of magic mapping {unknown}
 r - a scroll of blinking {unknown}
 u - a scroll of identify
 x - 2 scrolls of enchant weapon {unknown}
 A - a scroll of recharging {unknown}
 I - a scroll of fear {unknown}
 J - a scroll of enchant armour {unknown}
 M - 3 scrolls of fog
 P - 2 scrolls of amnesia
 S - a scroll of vulnerability {unknown}
Potions
 k - 6 potions of curing
 m - 3 potions of heal wounds
 p - 2 potions of magic {unknown}
 v - 2 potions of resistance {unknown}
 w - 2 potions of lignification {unknown}
 z - 2 potions of cancellation {unknown}
 E - a potion of flight {unknown}
 H - a potion of might
 O - a potion of brilliance {unknown}
Books
 G - a book of Conjurations

   Spells                             Type                      Level
   a - Magic Dart                     Conjuration                  1
   b - Searing Ray                    Conjuration                  2
   c - Dazzling Spray                 Conjuration/Hexes            3
   d - Fulminant Prism                Conjuration/Hexes            4
   e - Force Lance                    Conjuration/Translocation    4
   f - Iskenderun's Mystic Blast      Conjuration                  4
 U - a book of Changes

   Spells                             Type                      Level
   a - Beastly Appendage              Transmutation                1
   b - Sticks to Snakes               Transmutation                2
   c - Spider Form                    Transmutation/Poison         3
   d - Ice Form                       Ice/Transmutation            4
   e - Blade Hands                    Transmutation                5
Comestibles
 f - 5 bread rations
 j - 3 royal jellies
 t - 5 meat rations
 W - a fruit


   Skills:
 - Level 6.9 Fighting
 - Level 10.1 Long Blades
 + Level 4.9 Staves
 + Level 2.4 Throwing
 - Level 8.0 Armour
 * Level 9.6 Dodging
 - Level 6.7 Shields
 + Level 2.5 Unarmed Combat
 * Level 6.4 Spellcasting
 * Level 6.8 Conjurations
 + Level 2.9 Hexes
 + Level 2.1 Invocations
 + Level 2.6 Evocations


You had 14 spell levels left.
You knew the following spells:

 Your Spells              Type           Power        Failure   Level  Hunger
a - Magic Dart            Conj           ###.         1%          1    None
b - Iskenderun's Mystic   Conj           ###.....     16%         4    ####...
c - Fulminant Prism       Conj/Hex       ##........   32%         4    ####...


Dungeon Overview and Level Annotations

Branches:
Dungeon (9/15)             Temple (0/1) D:4            Lair (0/6) D:9
    Orc (0/2) D:9

Altars:
Ashenzari
Dithmenos
Hepliaklqana
Ru
Trog
Yredelemnul

Shops:
D:4 =   D:5 [   D:6 =:!(   D:7 :


Innate Abilities, Weirdness & Mutations

Shadows flee at your approach. (+LOS)
You can swim through water.
You cover ground slowly.
You can hop short distances.
Your life essence is reduced. (-10% HP)
Your flesh is heat resistant. (rF+)
You have an increased reservoir of magic. (+10% MP)
Your system is resistant to poisons. (rPois)


Message History

The two-headed ogre hits you but does no damage.
You hit the two-headed ogre.
The two-headed ogre is severely wounded.
The worker ant bites you but does no damage.
You block the two-headed ogre's attack. The two-headed ogre misses you.
The worker ant misses you.
You hit the two-headed ogre.
The two-headed ogre is severely wounded.
The worker ant barely misses you.
You hit the two-headed ogre.
The two-headed ogre is almost dead.
The two-headed ogre closely misses you. The two-headed ogre barely misses you.
The worker ant closely misses you.
You hit the two-headed ogre.
The two-headed ogre is almost dead.
The worker ant bites you but does no damage.
The two-headed ogre hits you with a giant club!
* * * LOW HITPOINT WARNING * * *
The two-headed ogre hits you with a giant club!
You die...

###..#.#######################
.....#...#.... #.... #...
....##..## ....#.....#...
######..# #..#..#..#..# # ###..##
#..#.}#..#..# # #.....#
#.....#.....# ####.#..##
..YSl#..yOY#
.....#(..#..#####################
######>..#.....O@.....|....).....
##.......#.....a.........[.)...?)
........##..####################)
...###...# #.. #.y...#co... #.
#### ##.## #. #.....#......#. #.#
#. #..#..#..###'#. #.# #
#..#..#..# #. #.# ...#.....# ##
#.# ...# ....#


You could see a two-headed ogre, a wyvern, a sky beast, a worker ant, a killer
bee and an adder.

Vanquished Creatures
  A two-headed ogre (D:8)
  The ghost of Aalglatt the Cleaver, a novice HOAK of Lugonu (D:9)
  The ghost of kuniqs the Shield-Bearer, a novice VSFi of Uskayaw (D:5)
  A troll (D:9)
  Prince Ribbit (D:5)
  2 hippogriffs (D:8)
  A hungry ghost (D:7)
  Edmund (D:5)
  3 orc warriors (D:9)
  2 ice beasts
  A sky beast (D:5)
  2 necrophages
  3 ogres
  3 centaurs
  8 bullfrogs
  A scorpion (D:6)
  10 killer bees
  3 wights (D:7)
  A howler monkey (D:5)
  2 electric eels (D:7)
  A centaur zombie (D:9)
  4 crimson imps
  3 hounds
  6 orc wizards
  3 orc priests
  Crazy Yiuf (D:5)
  A hexer (D:9)
  An iguana (D:5)
  Natasha (thrice) (D:2)
  3 worker ants
  Ijyb (D:5)
  A gnoll (D:1)
  9 adders
  3 shadow imps (D:6)
  2 adder skeletons
  2 worms
  2 dart slugs (D:1)
  3 leopard geckos
  18 orcs
  4 ball pythons
  5 bats
  7 giant cockroaches
  6 goblins
  6 hobgoblins
  19 jackals
  8 quokkas
  5 frilled lizards
  6 kobolds
  A leopard gecko skeleton (D:9)
  A leopard gecko zombie (D:7)
  A quokka skeleton (D:4)
  13 rats
197 creatures vanquished.

Vanquished Creatures (collateral kills)
  3 two-headed ogres
  A vampire mosquito (D:9)
  2 water moccasins
  An orc warrior (D:9)
  An ice beast (D:5)
  A sky beast (D:7)
  2 ogres
  A centaur (D:9)
  2 bullfrogs
  A killer bee (D:9)
  A crimson imp (D:9)
  2 hounds
  4 orc wizards
  An iguana (D:8)
  5 adders
  An adder zombie (D:9)
  2 worms (D:2)
  2 leopard geckos (Sewer)
  11 orcs
  2 giant cockroaches
  A jackal (D:2)
  A ball python (Sewer)
  2 frilled lizards (Sewer)
  A plant (D:7)
51 creatures vanquished.

Vanquished Creatures (others)
  5 hexers
  An ancestor (D:5)
  12 fulminant prisms (D:9)
18 creatures vanquished.

Grand Total: 266 creatures vanquished

Notes
Turn   | Place    | Note
-------+----------+-------------------------------------------
     0 | D:1      | Wardy1 the Barachi Fighter began the quest for the Orb.
     0 | D:1      | Reached XP level 1. HP: 18/18 MP: 1/1
   159 | D:1      | Reached XP level 2. HP: 22/25 MP: 2/2
   434 | D:1      | Reached XP level 3. HP: 30/30 MP: 3/3
   522 | D:1      | Reached skill level 1 in Dodging
   588 | D:1      | Reached skill level 3 in Long Blades
   901 | D:2      | Reached XP level 4. HP: 34/37 MP: 4/4
   964 | D:2      | Noticed Natasha
   986 | D:2      | Killed Natasha
  1262 | D:2      | Found a hazy altar of Hepliaklqana.
  1287 | D:2      | Became a worshipper of Hepliaklqana the Forgotten
  1339 | D:2      | Found a shadowy altar of Dithmenos.
  1375 | D:2      | Noticed Natasha
  1381 | D:2      | Killed Natasha
  1381 | D:2      | Reached XP level 5. HP: 30/37 MP: 5/5
  1422 | D:2      | Noticed a moth of wrath
  1423 | D:2      | Found a bloodstained altar of Trog.
  1588 | D:2      | Noticed Natasha
  1597 | D:2      | Killed Natasha
  1597 | D:2      | Reached skill level 4 in Long Blades
  1882 | D:3      | Found a glowing drain.
  1906 | Sewer    | Entered a sewer
  2058 | Sewer    | Reached skill level 5 in Armour
  2058 | Sewer    | Reached XP level 6. HP: 33/44 MP: 6/6
  2457 | D:3      | Reached skill level 5 in Long Blades
  2529 | D:3      | Reached * piety under Hepliaklqana
  3077 | D:4      | Found a sacrificial altar of Ru.
  3120 | D:4      | Reached XP level 7. HP: 28/49 MP: 7/7
  3381 | D:4      | Found a shattered altar of Ashenzari.
  3533 | D:4      | Found Geidenko's Jewellery Shop.
  3608 | D:4      | Found a staircase to the Ecumenical Temple.
  3645 | D:5      | Entered Level 5 of the Dungeon
  3645 | D:5      | Found Ycecuk's Armour Boutique.
  3658 | D:5      | Noticed Edmund
  3663 | D:5      | Reached skill level 5 in Fighting
  3664 | D:5      | Reached ** piety under Hepliaklqana
  3701 | D:5      | Killed Edmund
  3701 | D:5      | Reached skill level 6 in Long Blades
  3701 | D:5      | Reached skill level 5 in Shields
  3894 | D:5      | Remembered your ancestor Gaius as a hexer
  3988 | D:5      | Reached XP level 8. HP: 50/55 MP: 8/8
  4044 | D:5      | Noticed kuniqs's ghost (novice VSFi)
  4047 | D:5      | Gained mutation: Your spells are a little easier to cast, but a little less powerful. [potion of mutation]
  4047 | D:5      | Gained mutation: Your spells are easier to cast, but less powerful. [potion of mutation]
  4047 | D:5      | Lost mutation: Your spells are easier to cast, but less powerful. [potion of mutation]
  4047 | D:5      | Gained mutation: You have an increased reservoir of magic. (+10% MP) [potion of mutation]
  4053 | D:5      | Killed kuniqs's ghost
  4053 | D:5      | Reached skill level 7 in Long Blades
  4418 | D:5      | Noticed Prince Ribbit
  4424 | D:5      | Noticed Ijyb
  4430 | D:5      | Killed Prince Ribbit
  4434 | D:5      | Killed Ijyb
  4856 | D:5      | Found a runed door.
  4887 | D:5      | Reached skill level 8 in Long Blades
  4887 | D:5      | Reached XP level 9. HP: 44/61 MP: 9/9
  4979 | D:5      | Noticed Crazy Yiuf
  4990 | D:5      | Killed Crazy Yiuf
  5149 | D:6      | Found a basalt altar of Yredelemnul.
  5167 | D:6      | Found Ucvoiczu's Antique Weapon Shop.
  5192 | D:6      | Found Ipomo's Distillery.
  5220 | D:6      | Found Siopuxto's Book Shop.
  5400 | D:6      | Found Riororph's Jewellery Shop.
  5587 | D:7      | Reached skill level 9 in Long Blades
  6182 | D:7      | Found Ickud's Book Shoppe.
  6329 | D:7      | Reached skill level 10 in Long Blades
  6413 | D:7      | Reached *** piety under Hepliaklqana
  6590 | D:7      | Lost mutation: Your spells are a little easier to cast, but a little less powerful. [potion of mutation]
  6590 | D:7      | Gained mutation: Your flesh is heat resistant. (rF+) [potion of mutation]
  6590 | D:7      | Gained mutation: Your system is resistant to poisons. (rPois) [potion of mutation]
  6593 | D:7      | Learned a level 1 spell: Magic Dart
  6598 | D:7      | Reached skill level 5 in Dodging
  6885 | D:8      | Reached skill level 1 in Spellcasting
  6899 | D:8      | Reached skill level 1 in Conjurations
  6899 | D:8      | Reached XP level 10. HP: 47/68 MP: 11/13
  7167 | D:8      | Noticed a two-headed ogre
  7179 | D:8      | Killed a two-headed ogre
  7247 | D:8      | Noticed a two-headed ogre
  7256 | D:8      | Killed a two-headed ogre
  7266 | D:8      | Learned a level 4 spell: Iskenderun's Mystic Blast
  7271 | D:8      | Learned a level 4 spell: Fulminant Prism
  7445 | D:8      | Reached skill level 1 in Staves
  7512 | D:9      | Reached skill level 5 in Spellcasting
  7512 | D:9      | Reached XP level 11. HP: 7/73 MP: 17/21
  7512 | D:9      | HP: 2/73 [killer bee (2)]
  7590 | D:9      | Found a staircase to the Lair.
  8172 | D:9      | Found a staircase to the Orcish Mines.
  8694 | D:9      | Noticed Aalglatt's ghost (novice HOAK)
  8764 | D:9      | Killed Aalglatt's ghost
  8764 | D:9      | Reached XP level 12. HP: 31/80 MP: 17/23
  8825 | D:9      | Noticed a two-headed ogre
  8826 | D:9      | Noticed a two-headed ogre
  8841 | D:9      | Killed a two-headed ogre
  9136 | D:9      | Noticed a two-headed ogre
  9152 | D:9      | Noticed a two-headed ogre
  9165 | D:9      | Killed a two-headed ogre
  9189 | D:9      | Mangled by a two-headed ogre

Skill      XL: |  1  2  3  4  5  6  7  8  9 10 11 |
---------------+----------------------------------+-----
Fighting       | 4 5 6 |  6.9
Armour         | 4 5 6 8 |  8.0
Dodging        | 1 2 3 4 5 8 9 |  9.6
Long Blades    | 3 4 5 6 8 10 | 10.1
Shields        | 4 5 6 |  6.7
Spellcasting   | 1 5 6 |  6.4
Conjurations   | 1 6 |  6.8
Staves         | 3 4 |  4.9
Throwing       | 2 |  2.4
Unarmed Combat | 2 |  2.5
Hexes          | 2 |  2.9
Invocations    | 2 |  2.1
Evocations     | 2 |  2.6

Action                   |  1- 3 |  4- 6 |  7- 9 | 10-12 || total
-------------------------+-------+-------+-------+-------++-------
Melee: Long sword        |   114 |   141 |       |       ||   255
       Scimitar          |       |    60 |   265 |    30 ||   355
       Staff             |       |       |       |   353 ||   353
 Cast: Magic Dart        |       |       |     2 |    11 ||    13
       Fulminant Prism   |       |       |       |    12 ||    12
       Iskenderun's Myst |       |       |       |     6 ||     6
Invok: Ancestor Life: He |       |       |     1 |       ||     1
 Abil: Hop               |       |       |     1 |       ||     1
  Use: Potion            |       |       |     3 |     6 ||     9
       Scroll            |       |       |     9 |       ||     9
 Stab: Distracted        |       |     1 |     5 |     2 ||     8
       Confused          |       |       |     3 |     6 ||     9
  Eat: Chunk             |       |     9 |    11 |    12 ||    32
       Bread ration      |       |       |     1 |       ||     1
Armor: Scale mail        |    49 |    30 |       |       ||    79
       Plate armour      |       |    88 |   137 |       ||   225
       Robe              |       |       |     6 |    51 ||    57
Dodge: Dodged            |    46 |    56 |    71 |   204 ||   377
Block: Shield            |    67 |   116 |   144 |   237 ||   564
       Rpst.: Long sword |    13 |    13 |       |       ||    26
       Scimitar          |       |     8 |    16 |     2 ||    26
